Map: Zen ER

Players

Fuglinn

  • Race: Terran Terran
  • League: Diamond
  • Spawn Location: 1:00

Legol - Winner!

  • Race: Protoss Protoss
  • League: Platinum
  • Spawn Location: 7:00

VOD

Have the link to the VOD?

Description

Time

  • Played on: Jan. 8, 2020, 3:53 p.m.
  • Length: 5:41
Show
View Real Time Build Order
Export as new Build Order

Fuglinn Terran 

Build Orders: Gas First Reaper Expand 

Get SALT Encoding   

  12  0:00  SCV  
  13  0:12  SCV  
  14  0:18  Supply Depot  
  14  0:25  SCV  
  15  0:29  Refinery  
  15  0:40  SCV  
  16  0:46  Barracks  
  16  0:52  SCV  
  18  1:04  SCV  
  18  1:16  SCV  
  19  1:33  Orbital Command, Reaper  
  20  2:01  Command Center  
  20  2:04  SCV  
  21  2:09  Barracks Reactor  
  21  2:11  Supply Depot  
  21  2:15  Factory  
  21  2:24  SCV  
  21  2:27  Refinery  
  22  2:36  SCV  
  23  2:49  SCV  
  24  2:57  Marine x2  
  26  2:59  Factory Tech Lab  
  26  3:01  SCV, Starport  
  27  3:13  SCV  
  27  3:14  Supply Depot, Marine x2  
  27  3:16  Supply Depot  
  30  3:22  Cyclone  
  30  3:26  SCV  
  34  3:35  Orbital Command  
  34  3:39  SCV  
  35  3:42  Starport Tech Lab  
  35  3:45  Marine  
  35  3:46  Marine  
  37  3:51  SCV  
  38  4:03  SCV  
  38  4:04  Bunker  
  38  4:09  Raven  
  40  4:12  Bunker  
  40  4:13  Barracks  
  40  4:20  Barracks  
  40  4:27  Bunker  
  40  4:28  SCV  
  40  4:30  Factory Reactor  
  40  4:31  SCV  
  42  4:37  Marine  
  42  4:38  Marine  
  43  4:40  SCV  
  43  4:43  SCV  
  46  4:51  Supply Depot  
  46  4:52  SCV  
  47  4:55  SCV  
  48  5:04  SCV  
  48  5:05  Refinery  
  48  5:07  Engineering Bay, SCV  
  49  5:09  Supply Depot  
  50  5:16  SCV  
  50  5:19  SCV  
  47  5:31  Starport Reactor  
Show
View Real Time Build Order
Export as new Build Order

Legol Protoss - Winner!

Build Orders: Blink Stalkers 

Get SALT Encoding   

  12  0:01  Probe  
  13  0:13  Probe  
  14  0:21  Pylon  
  14  0:26  Probe  
  15  0:39  Probe (Chrono Boost), Gateway  
  17  0:50  Assimilator  
  17  0:51  Probe (Chrono Boost)  
  17  0:56  Probe (Chrono Boost)  
  18  1:05  Probe (Chrono Boost)  
  19  1:17  Probe (Chrono Boost)  
  21  1:25  Probe (Chrono Boost)  
  21  1:30  Cybernetics Core  
  21  1:39  Pylon  
  21  1:49  Nexus  
  21  1:53  Probe  
  22  2:06  Stalker, Probe  
  25  2:09  Warp Gate  
  25  2:18  Probe (Chrono Boost)  
  25  2:20  Assimilator  
  26  2:29  Probe (Chrono Boost)  
  26  2:41  Probe  
  27  2:46  Stalker  
  29  2:53  Probe  
  29  2:57  Pylon  
  30  3:01  Gateway  
  30  3:03  Pylon  
  30  3:05  Probe  
  31  3:13  Twilight Council  
  32  3:20  Probe x2 (Chrono Boost)  
  33  3:31  Probe (Chrono Boost)  
  33  3:33  Probe (Chrono Boost), Gateway  
  35  3:34  Gateway  
  35  3:39  Stalker  
  35  3:40  Probe  
  37  3:45  Blink (Chrono Boost)  
  38  4:09  Stalker  
  40  4:12  Probe  
  40  4:13  Probe  
  42  4:21  Stalker  
  44  4:24  Probe  
  44  4:25  Probe  
  44  4:28  Stalker  
  48  4:36  Probe  
  48  4:37  Probe  
  50  4:42  Stalker  
  50  4:43  Stalker  
  50  4:44  Stalker  
  56  4:49  Probe x2  
  58  4:58  Assimilator  
  58  5:01  Probe x2  
  58  5:02  Assimilator  
  60  5:12  Forge  
  60  5:13  Probe x2  
Tags
 
Add a new tag
Caveats
  • Supply blocks, unpowered buildings, or Contaminate may cause inaccurate times.
  • Supply counts are checked every 10 seconds.